 Dungeon Crawl Stone Soup version 0.20.0-1-g1cb1d84 (webtiles) character file.

949 ChaseSP the Cruncher (level 8, -2/58 HPs)
             Began as a Formicid Fighter on May 27, 2017.
             Slain by an orc warrior
             ... wielding a cursed -1 glaive
              (9 damage)
             ... on level 6 of the Dungeon.
             The game lasted 00:07:49 (4531 turns).

ChaseSP the Cruncher (Formicid Fighter)             Turns: 4531, Time: 00:07:49

Health: -2/58      AC: 17    Str: 27    XL:     8   Next: 35%
Magic:  8/8        EV:  6    Int:  9    God:
Gold:   250        SH: 11    Dex: 12    Spells: 7/7 levels left

rFire    . . .     SeeInvis +   a - +0 quarterstaff
rCold    + . .     Gourm    .   c - +0 shield
rNeg     + . .     Faith    .   v - +0 plate armour
rPois    .         Spirit   .   (helmet unavailable)
rElec    .         Reflect  .   u - +2 cloak
rCorr    .         Harm     .   m - +0 pair of gloves
MR       .....                  o - +1 pair of boots
Stlth    ..........             (no amulet)
Regen    0.2/turn               j - ring of protection from cold
MPRegen  0.2/turn               r - ring of positive energy

@: mighty
A: permanent stasis, dig shafts and tunnels, four strong arms, antennae 3,
hooves 1, strong 1, subdued magic 1
a: Dig, Shaft Self


You were on level 6 of the Dungeon.
You were not hungry.

You visited 1 branch of the dungeon, and saw 6 of its levels.

You collected 250 gold pieces.

Inventory:

Hand Weapons
 a - a +0 quarterstaff (weapon)
 q - a +0 glaive
 y - a +0 halberd
Missiles
 i - 43 bolts
Armour
 c - a +0 shield (worn)
 m - a +0 pair of gloves (worn)
 o - a +1 pair of boots (worn)
 p - a +0 chain mail
 u - a +2 cloak (worn)
 v - a +0 plate armour (worn)
Jewellery
 j - a ring of protection from cold (left hand)
 r - a ring of positive energy (right hand)
 s - a cursed -2 ring of intelligence
Scrolls
 h - a scroll of teleportation
 k - 2 scrolls of identify
 C - a scroll of magic mapping {unknown}
 D - 2 scrolls of enchant weapon {unknown}
Potions
 b - 3 potions of agility {unknown}
 n - a potion of curing
 z - a potion of haste {unknown}
Books
 w - the Almanac of Gliding Moulding
   (You found it on level 4 of the Dungeon)

   Spells                             Type                      Level
   a - Shock                          Conjuration/Air              1
   b - Beastly Appendage              Transmutation                1
   c - Swiftness                      Charms/Air                   2
   d - Sticks to Snakes               Transmutation                2
   e - Ignite Poison                  Fire/Transmutation/Poison    3
   f - Blade Hands                    Transmutation                5
   g - Freezing Cloud                 Conjuration/Ice/Air          6
Comestibles
 f - 5 bread rations
 g - 11 fruits
 l - 2 meat rations
 x - a royal jelly
 B - a chunk of flesh


   Skills:
 - Level 3.2 Fighting
 * Level 8.4 Staves
 - Level 3.3 Armour
 - Level 0.5 Dodging
 + Level 5.8 Shields


You had 7 spell levels left.
You didn't know any spells.

Dungeon Overview and Level Annotations

Branches:
Dungeon (6/15)
 Temple: D:4-7

Altars:
Ashenzari
Elyvilon
Gozag
Hepliaklqana


Innate Abilities, Weirdness & Mutations

You cannot be hasted, slowed, berserked, paralysed or teleported.
You can dig through walls and to a lower floor.
Your four strong arms can wield two-handed weapons with a shield.
You have a pair of large antennae on your head. (SInv)
You have large cloven feet.
Your muscles are strong. (Str +2)
Your spells are a little easier to cast, but a little less powerful.


Message History

The orc hits you with a dagger.
Your shield and plate armour prevent you from hitting the orc warrior.
The orc warrior is moderately wounded.
The orc warrior hits you with an enchanted glaive!
* * * LOW HITPOINT WARNING * * *
You block the orc's attack.
Your shield and plate armour prevent you from hitting the orc warrior.
The orc warrior is moderately wounded.
You block the orc's attack. The orc warrior barely misses you.
You closely miss the orc warrior.
The orc warrior is moderately wounded.
The orc barely misses you.
Your plate armour prevents you from hitting the orc warrior.
The orc warrior is moderately wounded.
The orc warrior barely misses you.
You closely miss the orc warrior.
The orc warrior is moderately wounded.
You block the orc's attack.
The orc warrior hits you with an enchanted glaive!
You die...

##.#........(.
.#..........###### .
#.......).##...##
#.......#.....#
#.......#.....#
#.......#.....#
#..###..##...# #
#..###..###o###..###
##...##.....)@o.....#
####....##.#######$....#
<........#.# ....#
...........# ...#
............. ..#
........##### .#
........# # ........#
........#


You could see an orc warrior and an orc.

Vanquished Creatures
  2 ice beasts (D:5)
  An ogre (D:4)
  A scorpion (D:4)
  A howler monkey (D:5)
  2 crimson imps
  2 orc priests
  A hound (D:6)
  Crazy Yiuf (D:5)
  6 orc wizards
  3 gnolls (D:5)
  9 adders
  2 shadow imps
  2 oozes
  2 worms (D:2)
  3 leopard geckos
  16 orcs
  5 giant cockroaches
  8 hobgoblins
  3 jackals (D:2)
  8 kobolds
  4 quokkas
  A ball python (D:2)
  6 bats
  5 frilled lizards
  5 goblins
  A jackal skeleton (D:4)
  3 rats (D:2)
103 creatures vanquished.

Notes
Turn   | Place    | Note
-------+----------+-------------------------------------------
     0 | D:1      | ChaseSP the Formicid Fighter began the quest for the Orb.
     0 | D:1      | Reached XP level 1. HP: 18/18 MP: 1/1
   357 | D:1      | Reached XP level 2. HP: 18/24 MP: 2/2
   633 | D:2      | Reached skill level 3 in Staves
   736 | D:2      | Reached XP level 3. HP: 29/29 MP: 3/3
   884 | D:2      | Reached skill level 4 in Staves
   884 | D:2      | Reached XP level 4. HP: 27/35 MP: 4/4
  1577 | D:3      | Reached XP level 5. HP: 22/41 MP: 5/5
  1598 | D:3      | Reached skill level 5 in Staves
  1850 | D:3      | You fall through a shaft for 2 floors!
  1850 | D:5      | Entered Level 5 of the Dungeon
  2112 | D:3      | Found a white marble altar of Elyvilon.
  2163 | D:3      | Found a shattered altar of Ashenzari.
  2448 | D:3      | Reached XP level 6. HP: 45/47 MP: 6/6
  2457 | D:3      | Gained mutation: Your spells are a little easier to cast, but a little less powerful. [potion of mutation]
  2457 | D:3      | Gained mutation: Your muscles are strong. (Str +2) [potion of mutation]
  2457 | D:3      | Gained mutation: You have large cloven feet. [potion of mutation]
  2600 | D:3      | Reached skill level 6 in Staves
  2999 | D:4      | Identified the Almanac of Gliding Moulding
  3317 | D:4      | Reached XP level 7. HP: 40/52 MP: 7/7
  3600 | D:4      | Reached skill level 7 in Staves
  3725 | D:5      | Reached skill level 5 in Shields
  3745 | D:5      | Found a hazy altar of Hepliaklqana.
  3958 | D:5      | Reached XP level 8. HP: 45/58 MP: 8/8
  4110 | D:5      | Found a runed door.
  4186 | D:5      | Reached skill level 8 in Staves
  4220 | D:5      | Noticed Crazy Yiuf
  4231 | D:5      | Killed Crazy Yiuf
  4462 | D:6      | Found an opulent altar of Gozag.
  4531 | D:6      | Slain by an orc warrior

Skill      XL: |  1  2  3  4  5  6  7  8 |
---------------+-------------------------+-----
Staves         | 3 4 5 6 7 8 |  8.4
Shields        | 4 5 |  5.8
Fighting       | |  3.2
Armour         | |  3.3
Dodging        | |  0.5

Action                   |  1- 3 |  4- 6 |  7- 9 || total
-------------------------+-------+-------+-------++-------
Melee: Quarterstaff      |    91 |   251 |   130 ||   472
       Kick              |       |     3 |       ||     3
 Abil: Dig               |       |     3 |       ||     3
  Use: Scroll            |       |     6 |     1 ||     7
       Potion            |       |     2 |     2 ||     4
  Eat: Chunk             |       |     8 |     5 ||    13
Armor: Scale mail        |    35 |    16 |       ||    51
       Chain mail        |       |    84 |       ||    84
       Plate armour      |       |    35 |    47 ||    82
Dodge: Dodged            |    27 |    56 |    16 ||    99
Block: Shield            |    53 |   131 |    67 ||   251
